Map: Rhoskallian LE

Players

qqq

  • Race: Protoss Protoss
  • Spawn Location: 11:00

Massa

  • Race: Terran Terran
  • League: Gold
  • Spawn Location: 12:00

LFRSergey - Winner!

  • Race: Terran Terran
  • League: Diamond
  • Spawn Location: 6:00

NME - Winner!

  • Race: Zerg Zerg
  • League: Diamond
  • Spawn Location: 5:00

VOD

Have the link to the VOD?

Description

Time

  • Played on: June 25, 2020, 3:46 p.m.
  • Length: 5:27
Show
View Real Time Build Order
Export as new Build Order

qqq Protoss 

Build Orders: 1 Gate Expand 

Get SALT Encoding   

  12  0:04  Probe  
  13  0:16  Probe  
  14  0:25  Pylon  
  14  0:39  Probe  
  15  0:49  Gateway  
  15  0:51  Probe  
  15  0:56  Pylon  
  16  1:04  Probe  
  17  1:23  Nexus  
  17  1:40  Cybernetics Core  
  17  1:48  Pylon  
  17  1:53  Probe, Assimilator  
  18  1:57  Assimilator  
  18  2:05  Probe  
  19  2:17  Probe  
  21  2:30  Probe  
  21  2:31  Forge  
  21  2:36  Probe  
  22  2:42  Probe  
  23  2:48  Probe  
  24  2:54  Probe  
  25  3:00  Probe  
  25  3:02  Stargate  
  26  3:09  Assimilator  
  26  3:12  Probe  
  27  3:24  Probe  
  28  3:27  Assimilator  
  28  3:36  Probe  
  29  3:46  Fleet Beacon  
  29  3:48  Probe  
  30  3:56  Probe  
  31  4:03  Void Ray  
  31  4:04  Probe  
  32  4:15  Photon Cannon, Probe  
  32  4:16  Photon Cannon  
  28  4:27  Probe  
  14  4:39  Probe  
Show
View Real Time Build Order
Export as new Build Order

Massa Terran 

Build Orders:  

Get SALT Encoding   

  12  0:05  SCV  
  13  0:18  Supply Depot, SCV  
  14  0:31  SCV  
  15  0:41  Barracks  
  15  0:43  SCV  
  16  0:55  SCV  
  17  1:12  SCV  
  17  1:13  Refinery  
  18  1:24  SCV  
  19  1:36  Marine  
  19  1:37  SCV  
  21  1:41  Barracks  
  21  1:54  Marine  
  22  2:06  Orbital Command  
  22  2:14  Command Center  
  22  2:21  Barracks Tech Lab  
  22  2:47  Supply Depot  
  22  2:49  Reaper, Supply Depot  
  23  3:04  Refinery  
  23  3:09  Marauder, SCV  
  26  3:18  Factory  
  26  3:21  Marine, SCV  
  26  3:24  Supply Depot  
  28  3:29  Orbital Command  
  28  3:33  SCV  
  29  3:38  Marauder  
  29  3:41  Barracks Reactor  
  31  3:45  SCV  
  25  4:12  Factory Tech Lab  
  25  4:14  Marauder  
  21  4:35  Marauder  
  21  4:36  Siege Tank  
  25  4:40  SCV  
  26  4:52  Marine x2, SCV  
  27  4:56  Marauder  
  31  5:04  SCV  
Show
View Real Time Build Order
Export as new Build Order

LFRSergey Terran - Winner!

Build Orders: 2 Factory 

Get SALT Encoding   

  12  0:01  SCV  
  13  0:13  SCV  
  14  0:19  Supply Depot  
  14  0:25  SCV  
  15  0:30  Refinery  
  15  0:41  SCV  
  16  0:48  Barracks  
  16  0:53  SCV  
  17  0:58  Refinery  
  17  1:05  SCV  
  18  1:17  SCV  
  19  1:29  SCV  
  20  1:35  Barracks Reactor  
  20  1:38  Factory  
  20  1:41  SCV  
  21  1:53  Orbital Command  
  21  2:00  Factory  
  21  2:08  Supply Depot  
  21  2:19  SCV  
  21  2:20  Barracks Tech Lab  
  22  2:30  Widow Mine x2  
  22  2:34  SCV  
  26  2:46  SCV  
  27  2:51  Armory  
  27  2:53  Hellion  
  29  3:03  Hellion  
  31  3:16  Infernal Pre-Igniter, Supply Depot  
  31  3:34  Supply Depot  
  31  3:38  Hellion, Siege Tank  
  36  3:52  SCV  
  37  3:56  Hellion  
  37  3:59  Hellion  
  41  4:29  Hellion x2  
  45  4:41  Supply Depot  
  45  4:44  Command Center  
  45  5:06  SCV  
  49  5:13  Supply Depot  
  49  5:17  Engineering Bay  
Show
View Real Time Build Order
Export as new Build Order

NME Zerg - Winner!

Build Orders: Pool First 

Get SALT Encoding   

  12  0:01  Drone  
  13  0:15  Overlord  
  13  0:21  Drone  
  14  0:34  Drone  
  14  0:35  Drone  
  16  0:49  Drone  
  17  0:50  Drone  
  18  1:05  Extractor  
  18  1:07  Drone, Spawning Pool  
  17  1:18  Drone  
  18  1:24  Drone  
  19  1:32  Hatchery  
  18  1:39  Drone  
  19  1:53  Overlord  
  19  1:57  Queen  
  19  1:59  Zergling x2  
  22  2:10  Metabolic Boost  
  22  2:13  Zergling x2  
  23  2:16  Overlord  
  23  2:30  Zergling x2  
  23  2:36  Zergling x2  
  25  2:45  Baneling Nest, Drone  
  25  2:48  Queen  
  25  2:49  Zergling x2  
  28  2:52  Queen  
  28  2:55  Zergling x2  
  31  3:07  Zergling x8  
  35  3:14  Zergling x4  
  37  3:21  Zergling x2  
  38  3:40  Zergling x8  
  42  3:55  Drone x2, Overlord  
  42  4:11  Zergling x2  
  42  4:14  Zergling x8  
  42  4:15  Overlord  
  47  4:22  Zergling x6  
  50  4:33  Zergling x6  
  50  4:34  Zergling x2  
  53  4:41  Zergling x2  
  53  4:47  Zergling x2  
  47  4:59  Zergling x4  
  45  5:09  Drone x2  
Tags
 
Add a new tag
Caveats
  • Supply blocks, unpowered buildings, or Contaminate may cause inaccurate times.
  • Supply counts are checked every 10 seconds.